Rampage vs Griffins

Created - Tuesday, November 11, 2014 at 23:19

Goals
1 2 3 T
Rampage 0 1 0 1
Griffins 2 2 0 4
Shots
1 2 3 T
Rampage 5 4 10 19
Griffins 11 13 5 29

1st period

1. Griffins , Brad Hunt 4 (Mike Angelidis, Mark Mancari) at 10:44
2. Griffins , John McFarland 4 (Brad Hunt) at 10:54

Penalties :
Zenon Konopka (GRG) for Fighting (Major) at 2:34, Eric Boulton (SAN) for Fighting (Major) at 2:34, Mike Angelidis (GRG) for Roughing (Minor) at 7:32, Daniel New (GRG) for High sticking (Minor) at 19:21

2nd period

3. Rampage , Matt D'Agostini 5 (Eric Boulton, Matt Puempel) at 0:36 (PP)
4. Griffins , Alexander Sulzer 18 (Mark Mancari) at 0:52
5. Griffins , Jordan Owens 1 (John McFarland, Brad Hunt) at 7:13

Penalties :
Adam Almquist (SAN) for High sticking (Minor) at 8:59, Ben Eager (GRG) for Fighting (Major) at 13:42, Charles-Olivier Roussel (SAN) for Fighting (Major) at 13:42

3rd period

No Goal

Penalties :
Eric Boulton (SAN) for High sticking (Minor) at 10:18

Goalie Stats

Matt Hackett (SAN), 25 saves from 29 shots - (0.862), L, 8-5-1, 60:00 minutes
Jeff Deslauriers (GRG), 18 saves from 19 shots - (0.947), W, 8-1-1, 60:00 minutes

Players Stats for Rampage

Player Name              G  A  P  +/- PIM S  H  SB GA TA FO     MP     PP MP  PK MP  
------------------------------------------------------------------------------------
Adam Almquist            0  0  0  -1  2   2  1  1  1  4  0/0    25:25   1:49   1:38 
Andrei Loktionov         0  0  0  -1  0   2  0  0  3  1  1/4    14:25   0:00   0:00 
Calle Jarnkrok           0  0  0  -3  0   3  0  0  1  0  3/9    17:49   0:00   0:00 
Charles-Olivier Roussel  0  0  0  -2  5   1  4  2  0  1  0/0    24:07   1:25   0:56 
Eric Boulton             0  1  1  -1  7   0  3  1  0  0  1/2    15:15   1:46   1:30 
Farm Player21            0  0  0  -1  0   0  0  0  0  0  0/2    12:22   0:54   1:29 
Jesper Fast              0  0  0  -1  0   1  4  1  3  1  0/0    20:46   0:59   0:00 
Johan Sundstrom          0  0  0   0  0   0  0  0  0  0  0/0     0:00   0:00   0:00 
John Persson             0  0  0   0  0   0  1  0  0  0  0/1    17:55   1:19   1:10 
Keith Aulie              0  0  0  -2  0   1  3  2  1  4  0/0    25:39   1:24   2:48 
Martin Frk               0  0  0  -3  0   0  1  0  0  1  0/0    19:16   0:59   0:00 
Matt D'Agostini          1  0  1  -1  0   5  1  1  0  2  2/8    21:55   1:55   2:38 
Matt Puempel             0  1  1  -1  0   1  3  0  2  0  1/1    22:06   1:26   0:44 
Mikael Samuelsson        0  0  0   0  0   3  2  0  0  1  3/7    16:34   0:29   0:00 
Nick Tuzzolino           0  0  0  -1  0   0  0  2  0  0  0/0    17:38   0:00   1:38 
Ryan Potulny             0  0  0   0  0   0  0  0  0  0  0/0     0:47   0:20   0:25 
Tim Miller               0  0  0   0  0   0  0  0  0  0  0/0     0:48   0:00   0:00 
Will O'Neill             0  0  0  -2  0   0  1  0  1  2  0/0    23:11   1:25   0:56 

Players Stats for Griffins

Player Name              G  A  P  +/- PIM S  H  SB GA TA FO     MP     PP MP  PK MP  
------------------------------------------------------------------------------------
Adam Clendening          0  0  0   1  0   2  3  1  0  0  0/0    20:09   2:15   3:14 
Alexander Sulzer         1  0  1   1  0   5  0  4  5  0  0/0    25:39   2:15   3:14 
Ben Eager                0  0  0   0  5   3  0  0  4  0  1/1    15:40   2:15   0:42 
Brad Hunt                1  2  3   3  0   2  3  0  2  1  0/0    19:20   1:43   0:00 
Daniel New               0  0  0   0  2   1  0  0  0  0  0/0    15:00   0:00   0:00 
David Musil              0  0  0   0  0   0  2  0  0  1  0/0    15:01   0:00   0:00 
Derek Meech              0  0  0   3  0   1  1  3  2  0  0/0    19:20   1:43   0:00 
John Albert              0  0  0   0  0   1  3  0  0  0  0/1    18:49   2:15   2:32 
John McFarland           1  1  2   2  0   6  2  1  4  0  1/2    17:01   0:22   0:00 
Jordan Owens             1  0  1   2  0   1  0  0  0  0  0/0    14:16   0:00   0:00 
Kellan Lain              0  0  0   2  0   0  3  0  1  1  3/6    16:33   0:00   0:27 
Mark Mancari             0  2  2   2  0   1  2  0  2  0  1/2    18:58   1:43   0:42 
Matt Marquardt           0  0  0   2  0   0  4  0  0  1  5/5    19:06   1:43   0:00 
Mike Angelidis           0  1  1   2  2   1  1  0  1  0  2/2    18:17   1:43   0:00 
Mitchell Heard           0  0  0   0  0   0  2  1  1  0  1/2     9:02   0:00   0:00 
Paul Thompson            0  0  0   0  0   1  1  0  0  0  0/0    10:13   0:00   0:00 
Tyler Eckford            0  0  0   0  0   0  0  0  0  0  0/0     5:30   0:00   0:00 
Zenon Konopka            0  0  0   0  5   4  2  0  6  0  9/13   19:00   1:53   2:17 

3 Stars

1 - Brad Hunt (GRG)
2 - John McFarland (GRG)
3 - Mark Mancari (GRG)

Power Play

Rampage - 1 on 2 Attempt(s) - 50.00%
Griffins - 0 on 2 Attempt(s) - 0.00%

Penalty Kill

Rampage - 2 on 2 Attempt(s) - 100.00% - Score 0 goal in Penalty Kill
Griffins - 1 on 2 Attempt(s) - 50.00% - Score 0 goal in Penalty Kill

Official

Referees : Unknown
Linesman : Unknown

Game Notes

Zenon Konopka and Eric Boulton fight to a draw at 2:34 of 1st period
Ben Eager beats up Charles-Olivier Roussel at 13:42 of 2nd period

Finance

Level 1 -- Attendance: 1372 (68.60%) -- Ticket Income $48,020
Level 2 -- Attendance: 793 (79.30%) -- Ticket Income $11,895
Total Attendance: 2165 (72.17%)
Total Ticket Income: $59,915
Other Income: $29,358
Total Income: $89,273

Rampage

5 vs 5 Forward 
   Center                   Left Wing                Right Wing               Time % Phy DF OF 
 1 Andrei Loktionov         Matt Puempel             Matt D'Agostini          35     1   2  2  
 2 Calle Jarnkrok           Jesper Fast              Martin Frk               30     1   2  2  
 3 Matt D'Agostini          Eric Boulton             Jesper Fast              22     1   2  2  
 4 Mikael Samuelsson        John Persson             Matt Puempel             13     1   2  2  

5 vs 5 Defense 
   Defense                  Defense                                           Time % Phy DF OF 
 1 Keith Aulie              Adam Almquist                                     35     1   2  2  
 2 Charles-Olivier Roussel  Will O'Neill                                      30     1   2  2  
 3 Keith Aulie              Nick Tuzzolino                                    22     1   2  2  
 4 Charles-Olivier Roussel  Adam Almquist                                     13     1   2  2  

PowerPlay Forward 
   Center                   Left Wing                Right Wing               Time % Phy DF OF 
 1 Matt D'Agostini          Matt Puempel             Eric Boulton             60     1   2  2  
 2 John Persson             Jesper Fast              Martin Frk               40     1   2  2  

PowerPlay Defense
   Defense                  Defense                                           Time % Phy DF OF 
 1 Keith Aulie              Adam Almquist                                     60     1   2  2  
 2 Charles-Olivier Roussel  Will O'Neill                                      40     1   2  2  

Penalty Kill 4 Players Forward 
   Center                   Wing                     Time % Phy DF OF 
 1 Eric Boulton             Matt D'Agostini          60     1   2  2  
 2 Matt Puempel             Jesper Fast              40     1   2  2  

Penalty Kill 4 Players Defense
   Defense                  Defense                  Time % Phy DF OF 
 1 Keith Aulie              Adam Almquist            60     1   2  2  
 2 Charles-Olivier Roussel  Will O'Neill             40     1   2  2  

Penalty Kill - 3 Players Forward 
   Forward                                           Time % Phy DF OF 
 1 Jesper Fast                                       60     1   2  2  
 2 Matt Puempel                                      40     1   2  2  

Penalty Kill - 3 Players Defense
   Defense                  Defense                  Time % Phy DF OF 
 1 Keith Aulie              Adam Almquist            60     1   2  2  
 2 Charles-Olivier Roussel  Will O'Neill             40     1   2  2  

4 vs 4 Forward 
   Center                   Wing                     Time % Phy DF OF 
 1 Matt D'Agostini          Eric Boulton             60     1   2  2  
 2 Matt Puempel             Jesper Fast              40     1   2  2  

4 vs 4 Defense
   Defense                  Defense                  Time % Phy DF OF 
 1 Nick Tuzzolino           Adam Almquist            60     1   2  2  
 2 Charles-Olivier Roussel  Will O'Neill             40     1   2  2  

Last Minutes Offensive
   Center                   Left Wing                Right Wing               Defense                  Defense                  
   Andrei Loktionov         Matt Puempel             Matt D'Agostini          Keith Aulie              Adam Almquist            

Last Minutes Defensive
   Center                   Left Wing                Right Wing               Defense                  Defense                  
   Andrei Loktionov         Matt Puempel             Matt D'Agostini          Keith Aulie              Adam Almquist            

Goaltenders
Starting : Matt Hackett             
Backup : Mike Murphy              

Extra Forwards
Normal : Eric Boulton, John Persson, Matt Puempel - PP : Eric Boulton, John Persson - PK : Matt Puempel
Extra Defensemen
Normal : Charles-Olivier Roussel, Nick Tuzzolino, Adam Almquist - PP : Adam Almquist - PK : Nick Tuzzolino, Adam Almquist
Penalty Shots
John Persson, Matt D'Agostini, Matt Puempel, Jesper Fast, Eric Boulton

Griffins

5 vs 5 Forward 
   Center                   Left Wing                Right Wing               Time % Phy DF OF 
 1 Zenon Konopka            John Albert              Ben Eager                35     1   2  2  
 2 Matt Marquardt           Mike Angelidis           Mark Mancari             30     1   2  2  
 3 Kellan Lain              Jordan Owens             John McFarland           22     1   2  2  
 4 Mitchell Heard           Zenon Konopka            Paul Thompson            13     1   2  2  

5 vs 5 Defense 
   Defense                  Defense                                           Time % Phy DF OF 
 1 Alexander Sulzer         Adam Clendening                                   35     1   2  2  
 2 Brad Hunt                Derek Meech                                       30     1   2  2  
 3 David Musil              Daniel New                                        22     1   2  2  
 4 Tyler Eckford            Alexander Sulzer                                  13     1   2  2  

PowerPlay Forward 
   Center                   Left Wing                Right Wing               Time % Phy DF OF 
 1 Zenon Konopka            John Albert              Ben Eager                60     1   2  2  
 2 Matt Marquardt           Mike Angelidis           Mark Mancari             40     1   2  2  

PowerPlay Defense
   Defense                  Defense                                           Time % Phy DF OF 
 1 Alexander Sulzer         Adam Clendening                                   60     1   2  2  
 2 Brad Hunt                Derek Meech                                       40     1   2  2  

Penalty Kill 4 Players Forward 
   Center                   Wing                     Time % Phy DF OF 
 1 Zenon Konopka            John Albert              60     1   2  2  
 2 Ben Eager                Mark Mancari             40     1   2  2  

Penalty Kill 4 Players Defense
   Defense                  Defense                  Time % Phy DF OF 
 1 Alexander Sulzer         Adam Clendening          60     1   2  2  
 2 Brad Hunt                Derek Meech              40     1   2  2  

Penalty Kill - 3 Players Forward 
   Forward                                           Time % Phy DF OF 
 1 Zenon Konopka                                     60     1   2  2  
 2 John Albert                                       40     1   2  2  

Penalty Kill - 3 Players Defense
   Defense                  Defense                  Time % Phy DF OF 
 1 Alexander Sulzer         Adam Clendening          60     1   2  2  
 2 Brad Hunt                Derek Meech              40     1   2  2  

4 vs 4 Forward 
   Center                   Wing                     Time % Phy DF OF 
 1 Zenon Konopka            John Albert              60     1   2  2  
 2 Ben Eager                Mark Mancari             40     1   2  2  

4 vs 4 Defense
   Defense                  Defense                  Time % Phy DF OF 
 1 Alexander Sulzer         Adam Clendening          60     1   2  2  
 2 Brad Hunt                Derek Meech              40     1   2  2  

Last Minutes Offensive
   Center                   Left Wing                Right Wing               Defense                  Defense                  
   Zenon Konopka            John Albert              Ben Eager                Alexander Sulzer         Adam Clendening          

Last Minutes Defensive
   Center                   Left Wing                Right Wing               Defense                  Defense                  
   Zenon Konopka            John Albert              Ben Eager                Alexander Sulzer         Adam Clendening          

Goaltenders
Starting : Jeff Deslauriers         
Backup : Joe Cannata              

Extra Forwards
Normal : John McFarland, Paul Thompson, Kellan Lain - PP : John McFarland, Paul Thompson - PK : Kellan Lain
Extra Defensemen
Normal : David Musil, Daniel New, Tyler Eckford - PP : David Musil - PK : Daniel New, Tyler Eckford
Penalty Shots
Zenon Konopka, John Albert, Ben Eager, Mark Mancari, John McFarland

% Time on Ice - Rampage

Lines # - Real PCT - Wanted PCT - Time Play
Normal Forward
1 - 28% - 35% - 14:37
2 - 34% - 30% - 17:49
3 - 12% - 22% - 6:30
4 - 26% - 13% - 13:52
Normal Defense
1 - 29% - 35% - 15:21
2 - 39% - 30% - 20:26
3 - 20% - 22% - 10:31
4 - 12% - 13% - 6:30
PP Forward
1 - 70% - 60% - 2:15
2 - 30% - 40% - 0:59
PP Defense
1 - 56% - 60% - 1:49
2 - 44% - 40% - 1:25
PK Forward
1 - 100% - 60% - 3:58
2 - 0% - 40% - 0:00
PK Defense
1 - 76% - 60% - 3:02
2 - 24% - 40% - 0:56
PK3 Forward
1 - 0% - 60%
2 - 0% - 40%
PK3 Defense
1 - 0% - 60%
2 - 0% - 40%
44 Forward
1 - 0% - 60%
2 - 0% - 40%
44 Defense
1 - 0% - 60%
2 - 0% - 40%
Last Minute Offensive  - 0:00
Last Minute Defensive  - 0:00
Total
Forward - 60:00
Defense - 60:00

% Time on Ice - Griffins

Lines # - Real PCT - Wanted PCT - Time Play
Normal Forward
1 - 26% - 35% - 13:40
2 - 31% - 30% - 16:33
3 - 27% - 22% - 14:16
4 - 16% - 13% - 8:19
Normal Defense
1 - 28% - 35% - 14:40
2 - 33% - 30% - 17:37
3 - 28% - 22% - 15:01
4 - 10% - 13% - 5:30
PP Forward
1 - 57% - 60% - 2:15
2 - 43% - 40% - 1:43
PP Defense
1 - 57% - 60% - 2:15
2 - 43% - 40% - 1:43
PK Forward
1 - 78% - 60% - 2:32
2 - 22% - 40% - 0:42
PK Defense
1 - 100% - 60% - 3:14
2 - 0% - 40% - 0:00
PK3 Forward
1 - 0% - 60%
2 - 0% - 40%
PK3 Defense
1 - 0% - 60%
2 - 0% - 40%
44 Forward
1 - 0% - 60%
2 - 0% - 40%
44 Defense
1 - 0% - 60%
2 - 0% - 40%
Last Minute Offensive  - 0:00
Last Minute Defensive  - 0:00
Total
Forward - 60:00
Defense - 60:00

Play by Play

1st period


0:01 of 1st period - Zenon Konopka wins face-off versus Andrei Loktionov in neutral zone.
0:15 of 1st period - Wrist shot by Ben Eager.
0:15 of 1st period - Stopped by Matt Hackett with a rebound.
0:17 of 1st period - Slapshot by Alexander Sulzer.
0:17 of 1st period - Stopped by Matt Hackett with a rebound.
0:19 of 1st period - Slapshot by Adam Clendening.
0:19 of 1st period - Deflect By Keith Aulie.
0:19 of 1st period - Stopped by Matt Hackett with a rebound.
0:53 of 1st period - Adam Clendening is hit by Keith Aulie and loses puck.
1:08 of 1st period - Snap shot by Mark Mancari.
1:08 of 1st period - Shot Misses the Net.
1:10 of 1st period - Snap shot by Matt Marquardt.
1:10 of 1st period - Shot Misses the Net.
1:16 of 1st period - Slapshot by Derek Meech.
1:16 of 1st period - Stopped by Matt Hackett with a rebound.
1:47 of 1st period - Wrist shot by Mikael Samuelsson.
1:47 of 1st period - Stopped by Jeff Deslauriers with a rebound.
1:53 of 1st period - Brad Hunt is hit by Charles-Olivier Roussel.
2:34 of 1st period - Zenon Konopka and Eric Boulton fight to a draw.
2:34 of 1st period - Penalty to Zenon Konopka for Fighting.
2:34 of 1st period - Penalty to Eric Boulton for Fighting.
2:35 of 1st period - Matt Marquardt wins face-off versus John Persson in Rampage zone.
2:46 of 1st period - Jesper Fast is hit by Matt Marquardt and loses puck.
2:55 of 1st period - Slapshot by Matt D'Agostini.
2:55 of 1st period - Shot Misses the Net.
3:41 of 1st period - Wrist shot by Ben Eager.
3:41 of 1st period - Stopped by Matt Hackett with a rebound.
4:06 of 1st period - Slapshot by Paul Thompson.
4:06 of 1st period - Stopped by Matt Hackett with a rebound.
4:37 of 1st period - Icing by Paul Thompson.
4:38 of 1st period - Mitchell Heard wins face-off versus Mikael Samuelsson in Griffins zone.
5:47 of 1st period - Icing by Mark Mancari.
5:48 of 1st period - Mikael Samuelsson wins face-off versus Mark Mancari in Griffins zone.
7:32 of 1st period - Minor Penalty to Mike Angelidis for Roughing.
7:33 of 1st period - Matt D'Agostini wins face-off versus Kellan Lain in Griffins zone.
7:34 of 1st period - Penalty to Zenon Konopka is over, Zenon Konopka is back on ice.
8:44 of 1st period - Alexander Sulzer is hit by Will O'Neill and loses puck.
9:27 of 1st period - Ryan Potulny is hit by John Albert and loses puck.
9:32 of 1st period - Penalty to Mike Angelidis is over, Mike Angelidis is back on ice.
9:49 of 1st period - Keith Aulie is hit by John McFarland and loses puck.
10:44 of 1st period - Slapshot by Brad Hunt.
10:44 of 1st period - Goal by Brad Hunt - Rampage : 0 - Griffins : 1.
10:45 of 1st period - Andrei Loktionov wins face-off versus Kellan Lain in neutral zone.
10:54 of 1st period - Snap shot by John McFarland.
10:54 of 1st period - Goal by John McFarland - Rampage : 0 - Griffins : 2.
10:55 of 1st period - Kellan Lain wins face-off versus Calle Jarnkrok in neutral zone.
10:58 of 1st period - Will O'Neill is hit by Kellan Lain and loses puck.
11:48 of 1st period - Adam Almquist is hit by Derek Meech.
11:55 of 1st period - Icing by Adam Almquist.
11:56 of 1st period - Mike Angelidis wins face-off versus Matt D'Agostini in Rampage zone.
12:18 of 1st period - Icing by Adam Almquist.
12:19 of 1st period - Mikael Samuelsson wins face-off versus Zenon Konopka in Rampage zone.
12:25 of 1st period - Slapshot by Ben Eager.
12:25 of 1st period - Shot Misses the Net.
12:49 of 1st period - Icing by John Albert.
12:50 of 1st period - Calle Jarnkrok wins face-off versus Zenon Konopka in Griffins zone.
13:29 of 1st period - Tyler Eckford is hit by Charles-Olivier Roussel and loses puck.
13:44 of 1st period - Adam Almquist is hit by Kellan Lain and loses puck.
14:09 of 1st period - Mark Mancari is hit by Eric Boulton and loses puck.
14:21 of 1st period - Andrei Loktionov is hit by Mark Mancari and loses puck.
14:56 of 1st period - Wrist shot by Zenon Konopka.
14:56 of 1st period - Stopped by Matt Hackett with a rebound.
14:58 of 1st period - Wrist shot by Zenon Konopka.
14:58 of 1st period - Shot Blocked by Eric Boulton.
15:00 of 1st period - Slapshot by David Musil.
15:00 of 1st period - Shot Misses the Net.
15:02 of 1st period - Slapshot by Mitchell Heard.
15:02 of 1st period - Shot Misses the Net.
15:04 of 1st period - Slapshot by Derek Meech.
15:04 of 1st period - Shot Blocked by Keith Aulie.
15:06 of 1st period - Wrist shot by Zenon Konopka.
15:06 of 1st period - Shot Misses the Net.
15:08 of 1st period - Slapshot by Brad Hunt.
15:08 of 1st period - Shot Blocked by Nick Tuzzolino.
15:28 of 1st period - Wrist shot by Calle Jarnkrok.
15:28 of 1st period - Stopped by Jeff Deslauriers with a rebound.
15:40 of 1st period - Snap shot by Jesper Fast.
15:40 of 1st period - Stopped by Jeff Deslauriers without a rebound.
15:41 of 1st period - Mark Mancari wins face-off versus Mikael Samuelsson in Griffins zone.
16:04 of 1st period - Wrist shot by Matt Puempel.
16:04 of 1st period - Stopped by Jeff Deslauriers with a rebound.
16:24 of 1st period - David Musil is hit by Jesper Fast and loses puck.
16:56 of 1st period - Jordan Owens is hit by John Persson.
17:02 of 1st period - Slapshot by John McFarland.
17:02 of 1st period - Stopped by Matt Hackett with a rebound.
17:04 of 1st period - Snap shot by John McFarland.
17:04 of 1st period - Stopped by Matt Hackett with a rebound.
17:42 of 1st period - Andrei Loktionov is hit by Matt Marquardt and loses puck.
18:17 of 1st period - Slapshot by Keith Aulie.
18:17 of 1st period - Shot Misses the Net.
18:19 of 1st period - Backhand shot by Adam Almquist.
18:19 of 1st period - Stopped by Jeff Deslauriers without a rebound.
18:20 of 1st period - Kellan Lain wins face-off versus Mikael Samuelsson in Griffins zone.
18:20 of 1st period - Kellan Lain is hit by Mikael Samuelsson.
18:26 of 1st period - Jordan Owens is hit by Keith Aulie and loses puck.
19:15 of 1st period - Charles-Olivier Roussel is hit by Mike Angelidis and loses puck.
19:21 of 1st period - Minor Penalty to Daniel New for High sticking.
19:22 of 1st period - Zenon Konopka wins face-off versus Matt D'Agostini in Griffins zone.
19:30 of 1st period - Snap shot by Eric Boulton.
19:30 of 1st period - Shot Misses the Net.
19:54 of 1st period - Jesper Fast is hit by John Albert and loses puck.
Goals for this period are 0 for Rampage vs 2 for Griffins.
Shots for this period are 5 for Rampage vs 11 for Griffins.

2nd period


0:01 of 2nd period - Zenon Konopka wins face-off versus Matt D'Agostini in neutral zone.
0:24 of 2nd period - Wrist shot by Matt D'Agostini.
0:24 of 2nd period - Stopped by Jeff Deslauriers with a rebound.
0:36 of 2nd period - Snap shot by Matt D'Agostini.
0:36 of 2nd period - Goal by Matt D'Agostini - Rampage : 1 - Griffins : 2.
0:37 of 2nd period - Matt Marquardt wins face-off versus Calle Jarnkrok in neutral zone.
0:48 of 2nd period - Wrist shot by Mark Mancari.
0:48 of 2nd period - Shot Misses the Net.
0:50 of 2nd period - Wrist shot by Mark Mancari.
0:50 of 2nd period - Shot Blocked by Adam Almquist.
0:52 of 2nd period - Snap shot by Alexander Sulzer.
0:52 of 2nd period - Goal by Alexander Sulzer - Rampage : 1 - Griffins : 3.
0:53 of 2nd period - Zenon Konopka wins face-off versus Matt D'Agostini in neutral zone.
1:06 of 2nd period - Snap shot by Ben Eager.
1:06 of 2nd period - Deflect By Zenon Konopka.
1:06 of 2nd period - Stopped by Matt Hackett with a rebound.
1:08 of 2nd period - Wrist shot by Zenon Konopka.
1:08 of 2nd period - Stopped by Matt Hackett with a rebound.
1:41 of 2nd period - Slapshot by Alexander Sulzer.
1:41 of 2nd period - Deflect By Mike Angelidis.
1:41 of 2nd period - Stopped by Matt Hackett with a rebound.
2:05 of 2nd period - Derek Meech is hit by Adam Almquist and loses puck.
2:38 of 2nd period - Snap shot by Calle Jarnkrok.
2:38 of 2nd period - Shot Blocked by John McFarland.
2:51 of 2nd period - Derek Meech is hit by Jesper Fast.
3:27 of 2nd period - Charles-Olivier Roussel is hit by Zenon Konopka and loses puck.
3:38 of 2nd period - Alexander Sulzer is hit by Mikael Samuelsson and loses puck.
3:45 of 2nd period - Slapshot by Adam Clendening.
3:45 of 2nd period - Deflect By Mikael Samuelsson.
3:45 of 2nd period - Stopped by Matt Hackett without a rebound.
3:46 of 2nd period - Matt Marquardt wins face-off versus Matt D'Agostini in Rampage zone.
4:12 of 2nd period - Off-side.
4:13 of 2nd period - Zenon Konopka wins face-off versus Calle Jarnkrok in neutral zone.
4:50 of 2nd period - John McFarland is hit by Charles-Olivier Roussel and loses puck.
5:07 of 2nd period - Snap shot by Daniel New.
5:07 of 2nd period - Stopped by Matt Hackett with a rebound.
5:09 of 2nd period - Wrist shot by Kellan Lain.
5:09 of 2nd period - Deflect By John McFarland.
5:09 of 2nd period - Stopped by Matt Hackett with a rebound.
5:11 of 2nd period - Snap shot by David Musil.
5:11 of 2nd period - Shot Blocked by Nick Tuzzolino.
5:41 of 2nd period - Snap shot by Mike Angelidis.
5:41 of 2nd period - Shot Misses the Net.
5:43 of 2nd period - Wrist shot by Alexander Sulzer.
5:43 of 2nd period - Shot Misses the Net.
5:45 of 2nd period - Snap shot by Matt Marquardt.
5:45 of 2nd period - Shot Blocked by Jesper Fast.
5:47 of 2nd period - Slapshot by Alexander Sulzer.
5:47 of 2nd period - Shot Blocked by Charles-Olivier Roussel.
5:49 of 2nd period - Backhand shot by Alexander Sulzer.
5:49 of 2nd period - Deflect By Calle Jarnkrok.
5:49 of 2nd period - Stopped by Matt Hackett with a rebound.
6:11 of 2nd period - Snap shot by Matt D'Agostini.
6:11 of 2nd period - Shot Blocked by Mitchell Heard.
6:13 of 2nd period - Slapshot by Keith Aulie.
6:13 of 2nd period - Deflect By Andrei Loktionov.
6:13 of 2nd period - Stopped by Jeff Deslauriers with a rebound.
6:15 of 2nd period - Slapshot by Andrei Loktionov.
6:15 of 2nd period - Shot Blocked by Alexander Sulzer.
6:33 of 2nd period - Wrist shot by Mikael Samuelsson.
6:33 of 2nd period - Shot Misses the Net.
6:43 of 2nd period - Off-side.
6:44 of 2nd period - Calle Jarnkrok wins face-off versus Zenon Konopka in neutral zone.
7:05 of 2nd period - Wrist shot by John McFarland.
7:05 of 2nd period - Stopped by Matt Hackett with a rebound.
7:13 of 2nd period - Snap shot by Jordan Owens.
7:13 of 2nd period - Goal by Jordan Owens - Rampage : 1 - Griffins : 4.
7:14 of 2nd period - Matt Marquardt wins face-off versus Matt D'Agostini in neutral zone.
7:21 of 2nd period - Backhand shot by Alexander Sulzer.
7:21 of 2nd period - Shot Misses the Net.
7:37 of 2nd period - Wrist shot by Mark Mancari.
7:37 of 2nd period - Stopped by Matt Hackett with a rebound.
7:39 of 2nd period - Slapshot by Alexander Sulzer.
7:39 of 2nd period - Deflect By Mark Mancari.
7:39 of 2nd period - Shot Blocked by Keith Aulie.
7:39 of 2nd period - Puck is out of play.
7:40 of 2nd period - Calle Jarnkrok wins face-off versus Kellan Lain in Rampage zone.
8:59 of 2nd period - Minor Penalty to Adam Almquist for High sticking.
9:00 of 2nd period - Ben Eager wins face-off versus Eric Boulton in Rampage zone.
9:19 of 2nd period - Snap shot by Ben Eager.
9:19 of 2nd period - Stopped by Matt Hackett without a rebound.
9:20 of 2nd period - Eric Boulton wins face-off versus Zenon Konopka in Rampage zone.
9:20 of 2nd period - Eric Boulton is hit by Adam Clendening.
10:03 of 2nd period - Adam Clendening is hit by Eric Boulton and loses puck.
10:08 of 2nd period - Wrist shot by Eric Boulton.
10:08 of 2nd period - Shot Blocked by Adam Clendening.
10:59 of 2nd period - Penalty to Adam Almquist is over, Adam Almquist is back on ice.
12:31 of 2nd period - John Persson is hit by Paul Thompson and loses puck.
13:32 of 2nd period - Tyler Eckford is hit by Jesper Fast and loses puck.
13:42 of 2nd period - Ben Eager beats up Charles-Olivier Roussel.
13:42 of 2nd period - Penalty to Ben Eager for Fighting.
13:42 of 2nd period - Penalty to Charles-Olivier Roussel for Fighting.
13:43 of 2nd period - Mikael Samuelsson wins face-off versus John Albert in neutral zone.
14:14 of 2nd period - Eric Boulton is hit by Brad Hunt and loses puck.
14:45 of 2nd period - Derek Meech is hit by Matt Puempel and loses puck.
14:58 of 2nd period - Snap shot by Mikael Samuelsson.
14:58 of 2nd period - Stopped by Jeff Deslauriers without a rebound.
14:59 of 2nd period - Kellan Lain wins face-off versus Mikael Samuelsson in Griffins zone.
14:59 of 2nd period - Kellan Lain is hit by Matt Puempel.
15:11 of 2nd period - Snap shot by John McFarland.
15:11 of 2nd period - Stopped by Matt Hackett with a rebound.
16:17 of 2nd period - Kellan Lain is hit by Martin Frk and loses puck.
16:26 of 2nd period - Adam Almquist is hit by John McFarland and loses puck.
17:53 of 2nd period - Wrist shot by John McFarland.
17:53 of 2nd period - Shot Misses the Net.
17:59 of 2nd period - Alexander Sulzer is hit by Jesper Fast and loses puck.
18:59 of 2nd period - Andrei Loktionov is hit by David Musil and loses puck.
Goals for this period are 1 for Rampage vs 2 for Griffins.
Shots for this period are 4 for Rampage vs 13 for Griffins.

3rd period


0:01 of 3rd period - Zenon Konopka wins face-off versus Andrei Loktionov in neutral zone.
0:12 of 3rd period - Wrist shot by Andrei Loktionov.
0:12 of 3rd period - Shot Blocked by Alexander Sulzer.
0:14 of 3rd period - Snap shot by Keith Aulie.
0:14 of 3rd period - Deflect By Matt D'Agostini.
0:14 of 3rd period - Stopped by Jeff Deslauriers with a rebound.
0:16 of 3rd period - Snap shot by Keith Aulie.
0:16 of 3rd period - Stopped by Jeff Deslauriers with a rebound.
0:18 of 3rd period - Wrist shot by Matt D'Agostini.
0:18 of 3rd period - Stopped by Jeff Deslauriers with a rebound.
0:20 of 3rd period - Snap shot by Adam Almquist.
0:20 of 3rd period - Stopped by Jeff Deslauriers with a rebound.
0:22 of 3rd period - Slapshot by Keith Aulie.
0:22 of 3rd period - Shot Blocked by Alexander Sulzer.
0:24 of 3rd period - Snap shot by Andrei Loktionov.
0:24 of 3rd period - Stopped by Jeff Deslauriers without a rebound.
0:25 of 3rd period - Matt Marquardt wins face-off versus Calle Jarnkrok in Griffins zone.
0:32 of 3rd period - Snap shot by Brad Hunt.
0:32 of 3rd period - Shot Blocked by Charles-Olivier Roussel.
0:40 of 3rd period - Snap shot by Jesper Fast.
0:40 of 3rd period - Deflect By Calle Jarnkrok.
0:40 of 3rd period - Shot Blocked by Derek Meech.
0:40 of 3rd period - Puck is out of play.
0:41 of 3rd period - Mike Angelidis wins face-off versus Calle Jarnkrok in Griffins zone.
0:56 of 3rd period - Slapshot by Brad Hunt.
0:56 of 3rd period - Stopped by Matt Hackett with a rebound.
1:08 of 3rd period - Wrist shot by Calle Jarnkrok.
1:08 of 3rd period - Stopped by Jeff Deslauriers with a rebound.
1:10 of 3rd period - Slapshot by Charles-Olivier Roussel.
1:10 of 3rd period - Stopped by Jeff Deslauriers without a rebound.
1:11 of 3rd period - Zenon Konopka wins face-off versus Andrei Loktionov in Griffins zone.
1:11 of 3rd period - Zenon Konopka is hit by Matt D'Agostini.
1:25 of 3rd period - Adam Clendening is hit by Keith Aulie and loses puck.
1:34 of 3rd period - Snap shot by Andrei Loktionov.
1:34 of 3rd period - Shot Blocked by Alexander Sulzer.
1:44 of 3rd period - Keith Aulie is hit by Adam Clendening.
2:57 of 3rd period - Daniel New is hit by Charles-Olivier Roussel and loses puck.
5:34 of 3rd period - John Persson is hit by Matt Marquardt and loses puck.
5:45 of 3rd period - Mark Mancari is hit by Eric Boulton and loses puck.
6:54 of 3rd period - Nick Tuzzolino is hit by David Musil and loses puck.
7:19 of 3rd period - Snap shot by Matt D'Agostini.
7:19 of 3rd period - Shot Blocked by Derek Meech.
7:49 of 3rd period - Wrist shot by Calle Jarnkrok.
7:49 of 3rd period - Shot Blocked by Derek Meech.
7:51 of 3rd period - Backhand shot by Jesper Fast.
7:51 of 3rd period - Deflect By Calle Jarnkrok.
7:51 of 3rd period - Stopped by Jeff Deslauriers without a rebound.
7:52 of 3rd period - John McFarland wins face-off versus Calle Jarnkrok in Griffins zone.
8:36 of 3rd period - Andrei Loktionov is hit by Zenon Konopka and loses puck.
9:08 of 3rd period - Slapshot by Mikael Samuelsson.
9:08 of 3rd period - Stopped by Jeff Deslauriers with a rebound.
10:18 of 3rd period - Minor Penalty to Eric Boulton for High sticking.
10:19 of 3rd period - Zenon Konopka wins face-off versus Farm Player21 in Rampage zone.
10:38 of 3rd period - Slapshot by Zenon Konopka.
10:38 of 3rd period - Stopped by Matt Hackett without a rebound.
10:39 of 3rd period - Zenon Konopka wins face-off versus Farm Player21 in Rampage zone.
10:54 of 3rd period - Ryan Potulny is hit by Mark Mancari and loses puck.
11:13 of 3rd period - Keith Aulie is hit by Adam Clendening and loses puck.
11:22 of 3rd period - Snap shot by Zenon Konopka.
11:22 of 3rd period - Shot Misses the Net.
11:24 of 3rd period - Snap shot by John Albert.
11:24 of 3rd period - Shot Blocked by Matt D'Agostini.
11:26 of 3rd period - Backhand shot by Alexander Sulzer.
11:26 of 3rd period - Shot Misses the Net.
12:03 of 3rd period - Off-side.
12:04 of 3rd period - Matt Puempel wins face-off versus John McFarland in neutral zone.
12:09 of 3rd period - Adam Almquist is hit by Brad Hunt and loses puck.
12:18 of 3rd period - Penalty to Eric Boulton is over, Eric Boulton is back on ice.
13:28 of 3rd period - Mitchell Heard is hit by Matt Puempel and loses puck.
13:51 of 3rd period - Will O'Neill is hit by Kellan Lain and loses puck.
14:17 of 3rd period - Nick Tuzzolino is hit by Brad Hunt and loses puck.
14:22 of 3rd period - Snap shot by Ben Eager.
14:22 of 3rd period - Shot Misses the Net.
14:44 of 3rd period - Snap shot by Alexander Sulzer.
14:44 of 3rd period - Shot Misses the Net.
14:55 of 3rd period - Will O'Neill is hit by Matt Marquardt.
15:14 of 3rd period - Eric Boulton is hit by Mitchell Heard and loses puck.
16:01 of 3rd period - Will O'Neill is hit by John Albert and loses puck.
16:36 of 3rd period - Jesper Fast is hit by Mitchell Heard and loses puck.
18:01 of 3rd period - Slapshot by Alexander Sulzer.
18:01 of 3rd period - Stopped by Matt Hackett with a rebound.
18:03 of 3rd period - Wrist shot by Paul Thompson.
18:03 of 3rd period - Shot Misses the Net.
18:05 of 3rd period - Slapshot by Alexander Sulzer.
18:05 of 3rd period - Stopped by Matt Hackett with a rebound.
18:07 of 3rd period - Slapshot by Zenon Konopka.
18:07 of 3rd period - Shot Misses the Net.
18:29 of 3rd period - Backhand shot by Matt D'Agostini.
18:29 of 3rd period - Stopped by Jeff Deslauriers with a rebound.
18:31 of 3rd period - Slapshot by Nick Tuzzolino.
18:31 of 3rd period - Shot Misses the Net.
18:33 of 3rd period - Snap shot by Matt D'Agostini.
18:33 of 3rd period - Shot Misses the Net.
18:35 of 3rd period - Wrist shot by Matt Puempel.
18:35 of 3rd period - Shot Misses the Net.
18:59 of 3rd period - Wrist shot by John Albert.
18:59 of 3rd period - Stopped by Matt Hackett with a rebound.
19:48 of 3rd period - Icing by Eric Boulton.
19:49 of 3rd period - Matt D'Agostini wins face-off versus Mitchell Heard in Rampage zone.
Goals for this period are 0 for Rampage vs 0 for Griffins.
Shots for this period are 10 for Rampage vs 5 for Griffins.


Output by the SimonT Hockey Simulator (STHS) for Eric Dolegowski -- Original Page W3C XHTML 1.0 Valid
Hockey Simulator - Hockey Simulation - Hockey Manager